 Dungeon Crawl Stone Soup version 0.32-a0-86-g8db1b9f803 (webtiles) character file.

Game seed: 4136193444465771511

33 zenocrate the Chopper (level 3, -1/31 HPs)
             Began as a Minotaur Delver on Feb 6, 2024.
             Slain by an ufetubus (3 damage)
             ... on level 5 of the Dungeon.
             The game lasted 00:00:20 (254 turns).

zenocrate the Chopper (Minotaur Delver)              Turns: 254, Time: 00:00:20

Health: -1/31      AC:  3    Str: 18    XL:     3   Next: 12%
Magic:  2/2        EV: 11    Int:  7    God:
Gold:   13         SH:  0    Dex: 11    Spells: 2/2 levels left

rFire   . . .        a - +0 hand axe
rCold   . . .        (no shield)
rNeg    . . .        b - +0 leather armour
rPois   .            (helmet restricted)
rElec   .            (no cloak)
rCorr   .            (no gloves)
SInv    .            (no boots)
Will    .....        (no amulet)
Stlth   ++           (no ring)
HPRegen 0.25/turn    (no ring)
MPRegen 0.08/turn

%: no passive effects
@: lethally poisoned (-1 -> -18)
A: horns 2, retaliatory headbutt
a: no special abilities


You were on level 5 of the Dungeon.
You visited 1 branch of the dungeon, and saw 1 of its levels.

You collected 13 gold pieces.

Inventory:

Hand Weapons
 a - a +0 hand axe (weapon)
Armour
 b - a +0 leather armour (worn)
Wands
 g - a wand of digging (3)
Scrolls
 c - a scroll of fog
 d - a scroll of revelation
 e - a scroll of fear
Potions
 f - a potion of haste


   Skills:
 - Level 3.6 Fighting
 + Level 4.4 Axes
 - Level 2.1 Dodging
 - Level 4.1 Stealth


You had 2 spell levels left.
You didn't know any spells.
Your spell library was empty.

Dungeon Overview and Level Annotations

Branches:
Dungeon (5/15)
 Temple: D:4-7

Altars:

Annotations:
D:5 2 runed translucent doors, soul19's ghost, novice DsSh


Innate Abilities, Weirdness & Mutations

You have a pair of horns on your head.
You reflexively headbutt those who attack you in melee.


Message History

You barely miss the ufetubus. The ufetubus closely misses you.
The ufetubus hits you. x2; The ufetubus barely misses you.
You have reached level 3!
Your experience leads to an increase in your attributes!
Increase (S)trength, (I)ntelligence, or (D)exterity?
You feel stronger. x2
Unknown command.
You closely miss the ufetubus. Your headbutt misses the ufetubus.
The ufetubus is heavily wounded.
The ufetubus barely misses you. x2; The ufetubus slips past you!
The ufetubus closely misses you. The ufetubus barely misses you.
You hit the ufetubus but do no damage. Your headbutt misses the ufetubus.
The ufetubus is heavily wounded.
The ufetubus closely misses you. x2; The scorpion stings you.
You hit the scorpion but do no damage. You hit the ufetubus.
The ufetubus barely misses you. The ufetubus hits you.
The ufetubus hits you but does no damage.
The ufetubus hits you. The scorpion stings you.
Unknown command.
You are too injured to fight recklessly!
You slash the scorpion!
The scorpion is heavily wounded.
You completely miss the ufetubus. The ufetubus closely misses you.
The ufetubus hits you but does no damage.
The scorpion stings you.
You are poisoned.
The scorpion poisons you! The ufetubus barely misses you.
The ufetubus hits you.
* * * LOW HITPOINT WARNING * * *
Unknown command.
It was a potion of cancellation.
You feel magically purged.
* * * LOW HITPOINT WARNING * * *
You feel very sick. The scorpion stings you.
* * * LOW HITPOINT WARNING * * *
You are more poisoned.
The scorpion poisons you! The ufetubus hits you.
* * * LOW HITPOINT WARNING * * *
The ufetubus hits you.
You die...

#.#~~~#.##......
#.######.#BS~#.######.#
.........#~B~### #.#
#.#####..#~~S# ##.#
#..#W~~# #... #..#~r~##
#... ###### #.##~~~#.##
#... #.....
##5###+##..####...
#.....##@#...............
#[.....s###..............
#.....##.#...............
#..### #############....
## #.... #.... #>...
#.... ###.#


You could see a scorpion and an ufetubus.

Vanquished Creatures
  3 adders (D:5)
  An ufetubus (D:5)
4 creatures vanquished.

Notes
Turn   | Place    | Note
-------+----------+-------------------------------------------
     0 | D:5      | zenocrate the Minotaur Delver began the quest for the Orb.
     0 | D:5      | Reached XP level 1. HP: 19/19 MP: 0/0
     5 | D:5      | Found a runed translucent door.
    32 | D:5      | Reached XP level 2. HP: 19/26 MP: 1/1
    98 | D:5      | Found a runed translucent door.
    99 | D:5      | Noticed soul19's ghost (novice DsSh)
   242 | D:5      | Noticed a scorpion
   250 | D:5      | Reached XP level 3. HP: 23/31 MP: 2/2
   254 | D:5      | Slain by an ufetubus

Illustrated notes

Levels and vault maps discovered:
D:5:      layout_loops_cross, grunt_temple_overflow_open,
          mainiacjoe_overflow_alcove_1, ebering_ghost_sewer_f, st_stairs_14,
          uniq_crazy_yiuf_cottage, uniq_prince_ribbit1

Skill      XL: |  1  2 |
---------------+-------+-----
Axes           | 3 4 |  4.4
Fighting       | |  3.6
Dodging        | |  2.1
Stealth        | |  4.1

Action                     || total
---------------------------++-------
  Melee: Hand axe          ||    27
         Headbutt          ||     2
    Use: Potion            ||     1
 Armour: Leather armour    ||    35
  Dodge: Dodged            ||    31

Table legend: (Time is in decaauts)
 A = Elapsed time spent in this place.
 B = Non-inter-level travel time spent in this place.
 C = Inter-level travel time spent in this place.
 D = Time resting spent in this place.
 E = Time spent auto-exploring this place.
 F = Levels seen in this place.
 G = Mean time per level.
                   A        B        C        D        E       F      G
               +--------+--------+--------+--------+--------+-----+--------+
         Total |    257 |    257 |      0 |      0 |    208 |   1 |  257.0 |
       Dungeon |    257 |    257 |      0 |      0 |    208 |   1 |  257.0 |
               +--------+--------+--------+--------+--------+-----+--------+

Top non-repeatable levels by time:
     D:5: 257 daAuts
